 Dungeon Crawl Stone Soup version 0.30-a0-629-gd54f4be4f7 (webtiles) character file.

Game seed: 5499728641329645085

312 Dittersdorf the Trooper (level 6, -2/39 HPs)
             Began as a Gargoyle Fighter on Jan 12, 2023.
             Slain by an orc
             ... wielding a +0 mace
              (5 damage)
             ... on level 3 of the Dungeon.
             The game lasted 00:06:00 (2441 turns).

Dittersdorf the Trooper (Gargoyle Fighter)          Turns: 2441, Time: 00:06:01

Health: -2/39      AC: 14    Str: 22    XL:     6   Next: 42%
Magic:  6/6        EV:  9    Int:  8    God:
Gold:   133        SH:  4    Dex:  9    Spells: 5/5 levels left

rFire   . . .      SeeInvis .    a - +0 flail
rCold   . . .      Faith    .    c - +0 buckler
rNeg    + . .      Spirit   .    b - +0 scale mail
rPois   ∞          Reflect  .    f - +0 helmet
rElec   +          Harm     .    (no cloak)
rCorr   .          Rampage  .    o - +0 pair of gloves
Will    .....                    (no boots) Stlth
                                 (no amulet)
HPRegen 0.26/turn                (no ring)
MPRegen 0.10/turn                (no ring)

@: no status effects
A: sickness immunity, AC +4, negative energy resistance 1, electricity
resistance, torment resistance 1, petrification resistance
a: no special abilities


You were on level 3 of the Dungeon.
You visited 1 branch of the dungeon, and saw 3 of its levels.

You collected 133 gold pieces.

Inventory:

Hand Weapons
 a - a +0 flail (weapon)
Armour
 b - a +0 scale mail (worn)
 c - a +0 buckler (worn)
 f - a +0 helmet (worn)
 o - a +0 pair of gloves (worn)
Scrolls
 e - 2 scrolls of summoning {unknown}
 g - 4 scrolls of identify {unknown}
 i - 2 scrolls of enchant weapon {unknown}
 k - 2 scrolls of brand weapon {unknown}
 l - a scroll of teleportation {unknown}
 m - a scroll of acquirement {unknown}
 q - a scroll of vulnerability {unknown}
 r - a scroll of noise {unknown}
Potions
 d - a potion of might
 h - 4 potions of curing {unknown}
 j - a potion of resistance {unknown}
 n - a potion of mutation {unknown}
 p - 2 potions of degeneration {unknown}


   Skills:
 + Level 4.7 Fighting
 + Level 3.6 Maces & Flails
 + Level 4.7 Armour
 + Level 4.7 Shields


You had 5 spell levels left.
You didn't know any spells.
Your spell library contained the following spells:

 Spells                   Type           Power      Damage    Failure   Level
 Dispel Undead            Necr           0%         3d6       100%        4
 Death Channel            Necr           0%         N/A       100%        6
 Cigotuvi's Dreadful Rot  Necr/Pois/Air  Unusable   N/A       N/A         2

Dungeon Overview and Level Annotations

Branches:
Dungeon (3/15)

Altars:
Wu Jian


Innate Abilities, Weirdness & Mutations

You are immune to sickness and miasma.
Your stone body is resilient. (AC +4)
You are immune to poison.
You resist negative energy. (rN+)
You are resistant to electric shocks. (rElec)
You are resistant to unholy torment.
You are immune to petrification.


Message History

You kill the orc!
The orc wizard points at you and mumbles some strange words.
You are confused.
You bump into the rock wall.
You bump into the rock wall.
The orc wizard hits you with a +1 dagger of venom.
* * * LOW HITPOINT WARNING * * *
You sock the orc wizard!
The orc wizard is almost dead.
The orc wizard gestures at you while chanting.
The puff of flame hits you.
* * * LOW HITPOINT WARNING * * *
You bump into the rock wall.
The orc wizard hits you but does no damage.
You bump into the rock wall.
You feel less confused.
The orc wizard hits you but does no damage.
You hit the orc wizard but do no damage.
The orc wizard is almost dead.
The orc wizard completely misses you.
You barely miss the orc wizard.
The orc wizard is almost dead.
The orc wizard mumbles some strange words.
The orc wizard flickers and vanishes!
Deactivating autopickup; reactivate with Ctrl-A.
The orc throws a stone.
The stone hits you but does no damage. Something hits you but does no damage.
You thump something!
Reactivating autopickup.
You feel a bit more experienced.
You barely miss the orc. The orc hits you but does no damage.
You barely miss the orc. The orc hits you with a +0 flail.
* * * LOW HITPOINT WARNING * * *
The orc hits you but does no damage.
You sock the orc!
You kill the orc!
You hit the orc.
The orc is heavily wounded.
The orc hits you with a +0 mace.
You die...

.#.#......#......# #.....
.#.'......#......# #.....
.###......#......# #.....
.#..#'#####......# #..... .#..#.#
#......# #...). .#..#.# #......#
#..... .#..#.#####......#
#########.o...
.#..#.##......######.......#.....
.#..#.##.....)')@oo).......'.....
.#..#.##......######)......######
.#..#.#...........##.......# #...
†#..#.........###)##############.
.#..#.........# #)# #......
.#..#.........# #.# #......
.#..#.........# #.# #......
.#..#.........###'##############'
.#..#.........##.........# #.


You could see 2 orcs.

Vanquished Creatures
  Natasha (thrice) (D:2)
  2 orc wizards (D:3)
  3 adders (D:2)
  9 gnolls
  10 orcs (D:3)
  5 bats (D:1)
  5 endoplasms
  A giant cockroach (D:1)
  10 goblins
  2 hobgoblins
  6 jackals
  4 kobolds
  2 quokkas
  6 ball pythons
  4 frilled lizards
  2 rats (D:1)
74 creatures vanquished.

Notes
Turn   | Place    | Note
-------+----------+-------------------------------------------
     0 | D:1      | Dittersdorf the Gargoyle Fighter began the quest for the
                  | Orb.
     0 | D:1      | Reached XP level 1. HP: 14/14 MP: 1/1
   101 | D:1      | Reached XP level 2. HP: 19/19 MP: 2/2
   216 | D:1      | Reached XP level 3. HP: 20/24 MP: 3/3
   951 | D:2      | Noticed Natasha
   960 | D:2      | Killed Natasha
   961 | D:2      | Reached XP level 4. HP: 24/29 MP: 4/4
  1045 | D:2      | Noticed Natasha
  1054 | D:2      | Killed Natasha
  1117 | D:2      | Reached XP level 5. HP: 24/33 MP: 5/5
  1171 | D:2      | Noticed Natasha
  1182 | D:2      | Killed Natasha
  1850 | D:3      | Found an ornate altar of the Wu Jian Council.
  2156 | D:3      | Reached XP level 6. HP: 31/39 MP: 6/6
  2441 | D:3      | Slain by an orc

Illustrated notes

Levels and vault maps discovered:
D:1:      tekkud_arrival_beachfront_property, layout_basic
D:2:      layout_basic, minmay_misc_feat_chi, uniq_natasha
D:3:      layout_basic, mainiacjoe_overflow_boulevard

Skill      XL: |  1  2  3  4 |
---------------+-------------+-----
Fighting       | 4 |  4.7
Armour         | 4 |  4.7
Shields        | 4 |  4.7
Maces & Flails | 3 |  3.6

Action                   |  1- 3 |  4- 6 || total
-------------------------+-------+-------++-------
Melee: Flail             |   136 |   162 ||   298
Armor: Scale mail        |   100 |   119 ||   219
Dodge: Dodged            |    60 |    79 ||   139
Block: Buckler           |    29 |    43 ||    72

Table legend: (Time is in decaauts)
 A = Elapsed time spent in this place.
 B = Non-inter-level travel time spent in this place.
 C = Inter-level travel time spent in this place.
 D = Time resting spent in this place.
 E = Time spent auto-exploring this place.
 F = Levels seen in this place.
 G = Mean time per level.
                   A        B        C        D        E       F      G
               +--------+--------+--------+--------+--------+-----+--------+
         Total |   2531 |   2454 |     77 |    205 |   1560 |   3 |  843.7 |
       Dungeon |   2531 |   2454 |     77 |    205 |   1560 |   3 |  843.7 |
               +--------+--------+--------+--------+--------+-----+--------+

Top non-repeatable levels by time:
     D:1: 973 daAuts
     D:3: 827 daAuts
     D:2: 730 daAuts
